Map: Ascension vers Aïur EC

Players

Radradmcrad - Winner!

  • Race: Terran Terran
  • League: Gold
  • Spawn Location: 5:00

zidar

  • Race: Zerg Zerg
  • League: Gold
  • Spawn Location: 11:00

VOD

Have the link to the VOD?

Description

Time

  • Played on: July 9, 2017, 3:28 p.m.
  • Length: 10:31
Show
View Real Time Build Order
Export as new Build Order

Radradmcrad Terran - Winner!

Build Orders: Reaper Expand 

Get SALT Encoding   

  12  0:01  SCV  
  13  0:14  SCV  
  14  0:17  Supply Depot  
  14  0:26  SCV  
  15  0:38  SCV  
  15  0:42  Barracks  
  16  0:51  Refinery, SCV  
  17  1:10  SCV  
  18  1:30  Supply Depot  
  18  1:31  Orbital Command  
  18  1:37  Reaper  
  19  2:00  Command Center  
  18  2:04  SCV  
  19  2:15  Factory  
  19  2:16  SCV  
  20  2:28  SCV  
  21  2:37  Barracks Reactor  
  21  2:40  SCV  
  21  2:43  Engineering Bay  
  22  2:52  SCV  
  23  3:04  SCV  
  23  3:09  Factory Tech Lab  
  23  3:16  SCV  
  23  3:17  Refinery  
  23  3:18  Orbital Command  
  24  3:24  Starport  
  24  3:26  Marine x2  
  26  3:29  SCV  
  27  3:41  SCV  
  28  3:44  Marine x2  
  28  3:45  Barracks  
  28  3:47  Orbital Command  
  30  4:00  SCV  
  30  4:02  Marine x2, Bunker  
  33  4:05  Starport Reactor  
  33  4:13  SCV  
  34  4:22  SCV  
  34  4:24  Refinery  
  35  4:25  SCV  
  35  4:27  Marine x2  
  35  4:28  Siege Tank  
  35  4:30  Refinery  
  41  4:34  SCV  
  41  4:37  SCV  
  43  4:42  Barracks Tech Lab, Medivac  
  43  4:44  Marine  
  46  5:09  Supply Depot  
  46  5:10  Terran Infantry Weapons Level 1  
  46  5:14  Supply Depot  
  46  5:30  Marine x2  
  46  5:31  SCV x2, Siege Tank  
  53  5:35  Medivac  
  53  5:36  Marauder  
  53  5:39  Supply Depot  
  57  5:43  Command Center, SCV x2  
  57  5:48  Marine  
  60  5:55  SCV x2  
  62  6:01  Marauder  
  62  6:02  Supply Depot  
  64  6:09  Marine x2  
  69  6:11  Siege Tank  
  69  6:21  Marine  
  69  6:23  SCV x2  
  72  6:26  Supply Depot  
  72  6:27  Marine x2, Supply Depot x2  
  76  6:40  Marauder  
  76  6:45  Marine  
  75  6:50  Supply Depot  
  76  7:01  Marauder  
  76  7:15  Marine x2  
  76  7:16  Siege Tank, Medivac  
  76  7:17  Medivac  
  87  7:23  Marauder  
  87  7:27  Orbital Command  
  87  7:29  SCV x2  
  89  7:41  SCV  
  89  7:42  Marine x2, SCV  
  95  7:44  Marauder  
  95  7:48  Siege Tank  
  95  7:50  Barracks  
  98  7:54  Factory, Medivac x2  
  102  8:00  Marine x2, Supply Depot  
  102  8:02  Supply Depot  
  102  8:05  Marine  
  105  8:18  Marine  
  106  8:23  Marauder, Supply Depot  
  106  8:26  Supply Depot  
  108  8:28  Marine  
  109  8:35  Marine  
  109  8:37  SCV x3  
  113  8:41  Refinery  
  113  8:44  Marine  
  113  8:47  Barracks Reactor  
  114  8:49  SCV x3  
  114  8:50  Marine  
  114  8:52  Factory Tech Lab  
  114  8:53  Marine  
  119  9:01  SCV x2  
  119  9:02  Marauder, SCV  
  124  9:08  Marine  
  116  9:11  Marine  
  102  9:17  Siege Tank x2  
  102  9:18  Medivac x2  
  102  9:24  Marauder, SCV x2  
  114  9:25  SCV  
  114  9:26  Marine  
  114  9:29  Marine  
  119  9:37  Supply Depot  
  119  9:40  Supply Depot  
  119  9:45  Marauder  
  109  10:00  Supply Depot  
  109  10:04  Supply Depot  
  109  10:11  Marine x5  
  114  10:23  Supply Depot  
  114  10:28  Supply Depot  
Show
View Real Time Build Order
Export as new Build Order

zidar Zerg 

Build Orders: Pool First 

Get SALT Encoding   

  12  0:01  Drone  
  13  0:12  Overlord  
  13  0:17  Drone  
  14  0:30  Drone x2  
  14  0:34  Drone  
  17  0:47  Spawning Pool  
  17  0:49  Drone  
  17  1:11  Hatchery  
  16  1:15  Drone  
  17  1:20  Extractor, Drone  
  17  1:34  Queen  
  17  1:36  Zergling x2  
  20  1:44  Overlord  
  20  1:47  Drone  
  21  2:10  Queen  
  22  2:20  Zergling x6  
  25  2:28  Metabolic Boost  
  25  2:38  Roach Warren, Drone x2  
  26  3:10  Drone x7  
  33  3:16  Overlord  
  33  3:18  Overlord  
  33  3:37  Roach  
  33  3:38  Roach x3  
  41  3:59  Ravager  
  42  4:07  Extractor  
  41  4:27  Overlord x2  
  41  4:28  Overlord  
  40  4:43  Roach x5  
  50  4:46  Roach x4  
  58  5:15  Drone x4  
  58  5:16  Drone x4  
  66  5:25  Lair  
  66  5:30  Hatchery  
  66  5:33  Ravager  
  66  5:35  Ravager  
  67  5:44  Ravager  
  68  5:50  Overlord  
  68  5:51  Overlord x2  
  68  5:55  Roach  
  68  5:56  Zergling x10  
  75  6:27  Spore Crawler  
  75  6:31  Spore Crawler  
  66  7:02  Drone x11  
  66  7:05  Overlord  
  77  7:20  Evolution Chamber  
  79  7:22  Drone x3  
  79  7:24  Drone  
  79  7:25  Evolution Chamber, Drone x2  
  81  7:45  Hydralisk Den  
  81  7:49  Extractor  
  79  7:52  Extractor  
  79  7:54  Drone x11  
  89  7:59  Queen  
  89  8:01  Overlord  
  89  8:02  Overlord  
  91  8:18  Hydralisk x6  
  103  8:23  Hydralisk x2  
  103  8:24  Hydralisk x3  
  113  8:33  Spore Crawler  
  112  8:54  Roach  
  112  8:55  Roach x3  
  64  9:19  Zergling x4  
  64  9:20  Zergling x26  
  64  9:24  Ravager x3  
  67  9:30  Roach  
  63  9:43  Roach x5  
  52  10:11  Ravager x2  
Tags
 
Add a new tag
Caveats
  • Supply blocks, unpowered buildings, or Contaminate may cause inaccurate times.
  • Supply counts are checked every 10 seconds.